Map: Blackrock LE

Players

Lambo

  • Race: Zerg Zerg
  • League: Grandmaster
  • Spawn Location: 7:00

A.I. 1 (Very Easy) - Winner!

  • Race: Protoss Protoss
  • Spawn Location: 1:00

VOD

Have the link to the VOD?

Description

Time

  • Played on: July 13, 2026, 2:54 p.m.
  • Length: 7:59
Show
View Real Time Build Order
Export as new Build Order

Lambo Zerg 

Build Orders: Hatch First 

Get SALT Encoding   

  8  0:00  Drone  
  9  0:11  Drone  
  10  0:17  Drone  
  10  0:21  Drone  
  12  0:31  Overlord  
  12  0:41  Extractor, Drone  
  13  0:50  Drone  
  13  0:51  Drone  
  15  1:11  Hatchery  
  14  1:13  Drone  
  14  1:16  Drone  
  16  1:21  Drone  
  17  1:35  Spawning Pool  
  17  1:37  Drone  
  17  1:40  Extractor  
  17  1:42  Drone  
  17  1:50  Drone  
  18  2:00  Drone  
  19  2:10  Overlord  
  19  2:20  Drone  
  19  2:22  Queen x2  
  20  2:29  Zergling x2  
  25  2:30  Zergling x2  
  26  2:37  Drone  
  26  2:41  Drone  
  28  2:45  Metabolic Boost  
  28  2:47  Drone  
  28  2:50  Overlord  
  29  2:53  Drone  
  30  3:01  Drone  
  31  3:06  Drone  
  31  3:12  Drone x2  
  34  3:18  Hatchery  
  33  3:22  Overlord  
  33  3:26  Drone  
  34  3:30  Drone x3  
  34  3:32  Drone  
  38  3:36  Drone  
  39  3:41  Queen  
  39  3:44  Drone  
  39  3:46  Overlord  
  42  3:53  Drone  
  42  3:54  Drone  
  44  3:56  Queen  
  46  4:04  Zergling x4  
  46  4:06  Overlord  
  46  4:07  Zergling x4  
  50  4:15  Drone  
  51  4:17  Queen  
  51  4:19  Drone  
  54  4:24  Drone  
  54  4:26  Drone  
  54  4:30  Queen, Drone  
  59  4:32  Drone  
  59  4:35  Queen  
  59  4:36  Drone  
  59  4:37  Drone  
  65  4:38  Drone  
  65  4:41  Drone  
  65  4:42  Drone  
  65  4:44  Overlord  
  67  4:47  Drone  
  67  4:49  Overlord  
  68  4:55  Lair  
  68  4:58  Baneling Nest  
  68  4:59  Drone  
  67  5:00  Extractor, Drone  
  67  5:03  Drone x3  
  67  5:05  Drone x2  
  72  5:08  Drone x2, Extractor  
  72  5:10  Drone  
  72  5:13  Drone x3  
  77  5:14  Drone  
  77  5:17  Drone  
  77  5:20  Drone x2  
  81  5:31  Drone x2  
  81  5:33  Hatchery  
  81  5:34  Extractor  
  81  5:36  Drone x2  
  81  5:39  Overlord x2  
  83  5:43  Evolution Chamber x2  
  81  5:51  Overlord  
  81  5:52  Drone x2  
  83  5:57  Overlord  
  83  5:59  Overseer  
  83  6:01  Zergling x2  
  83  6:02  Zergling x12  
  83  6:04  Centrifugal Hooks, Zergling x2  
  90  6:08  Zergling x14  
  98  6:13  Queen  
  98  6:15  Zergling x4  
  102  6:23  Drone x5  
  107  6:29  Drone  
  108  6:33  Drone x2  
  108  6:37  Drone x5  
  115  6:41  Overlord  
  115  6:42  Overlord  
  115  6:47  Infestation Pit, Drone x5  
  119  6:49  Overlord  
  119  6:52  Hatchery  
  119  6:53  Extractor  
  117  6:58  Zergling x4  
  117  6:59  Baneling x7, Overlord  
  119  7:04  Zergling x6  
  122  7:09  Zergling x10  
  127  7:20  Zergling x22  
  138  7:23  Drone  
  138  7:27  Baneling x9  
  143  7:31  Zergling x2  
  143  7:32  Hatchery  
  143  7:37  Zergling x8  
Show
View Real Time Build Order
Export as new Build Order

A.I. 1 (Very Easy) Protoss - Winner!

Build Orders:  

Get SALT Encoding   

  8  0:00  Probe  
  9  0:13  Probe  
  10  0:25  Probe  
  11  0:37  Probe  
  12  0:47  Pylon  
  12  0:49  Probe  
  13  1:01  Probe  
  13  1:04  Assimilator  
  13  1:11  Gateway  
  14  1:16  Pylon  
  14  1:43  Assimilator  
  14  1:52  Probe  
  14  1:59  Zealot  
  14  2:00  Probe  
  17  2:02  Cybernetics Core  
  18  2:08  Probe  
  19  2:17  Probe  
  20  2:28  Warp Gate  
  20  2:29  Probe  
  21  2:31  Pylon  
  21  2:41  Probe  
  22  3:14  Stalker  
  24  4:14  Probe  
  24  6:33  Probe  
  24  7:08  Probe  
  24  7:20  Probe  
  24  7:25  Adept  
  24  7:27  Robotics Facility  
  24  7:28  Probe  
  27  7:33  Nexus  
  27  7:37  Pylon  
  27  7:38  Probe  
Tags
 
Matchup
PvZ
Player
Lambo
Spawn Locations
Cross Positions
Add a new tag
Caveats
  • Supply blocks, unpowered buildings, or Contaminate may cause inaccurate times.
  • Supply counts are checked every 10 seconds.